 Dungeon Crawl Stone Soup version 0.30-b1-2-g02819fbbbe (webtiles) character file.

Game seed: 13112880259296866859

108 Alarkh the Sneak (level 4, 35/35 HPs)
             Began as a Demonspawn Delver on May 22, 2023.
             Got out of the dungeon alive.
             The game lasted 00:03:18 (2033 turns).

Alarkh the Sneak (Demonspawn Delver)                Turns: 2033, Time: 00:03:19

Health: 35/35      AC:  7    Str: 12    XL:     4   Next: 58%
Magic:  4/4        EV: 11    Int: 13    God:
Gold:   76         SH:  0    Dex: 15    Spells: 3/3 levels left

rFire   . .          .
                       - Unarmed
rCold   . . .        (no shield)
rNeg    . . .        a - +0 leather armour
rPois   .            (no helmet)
rElec   .            p - +2 cloak
rCorr   .            (no gloves)
SInv    .            o - +0 pair of boots
Will    .....        l - amulet of guardian spirit
Stlth   +++          (no ring)
HPRegen 0.25/turn    (no ring)
MPRegen 0.09/turn

%: guardian spirit
@: no status effects
A: claws 1, spiny 1, sanguine armour 1
a: no special abilities


You escaped.
You visited 1 branch of the dungeon, and saw 5 of its levels.

You collected 76 gold pieces.

Inventory:

Armour
 a - a +0 leather armour (worn)
 o - a +0 pair of boots (worn)
 p - a +2 cloak (worn)
Jewellery
 l - an amulet of guardian spirit (around neck)
Wands
 f - a wand of digging (3)
Scrolls
 b - a scroll of fog
 c - 3 scrolls of magic mapping
 d - a scroll of fear
 g - 2 scrolls of teleportation
 h - a scroll of amnesia {unknown}
 i - a scroll of immolation {unknown}
 j - a scroll of enchant armour
 r - 2 scrolls of vulnerability {unknown}
 s - a scroll of acquirement {unknown}
 t - 2 scrolls of identify {unknown}
Potions
 e - a potion of haste
 k - a potion of lignification {unknown}
 m - a potion of curing
 n - a potion of flight {unknown}
 u - a potion of might {unknown}
 v - a potion of attraction {unknown}


   Skills:
 - Level 3.0 Fighting
 - Level 1.7 Dodging
 - Level 4.5 Stealth
 + Level 4.4 Unarmed Combat


You had 3 spell levels left.
You didn't know any spells.
Your spell library contained the following spells:

 Spells                   Type           Power      Damage    Failure   Level
 Apportation              Tloc           0%         N/A       36%         1
 Necrotise                Necr           0%         1d4       36%         1
 Summon Small Mammal      Summ           0%         N/A       36%         1
 Ensorcelled Hibernation  Hex/Ice        0%         N/A       52%         2
 Passwall                 Tmut/Erth      0%         N/A       52%         2
 Swiftness                Air            0%         N/A       75%         3
 Fireball                 Conj/Fire      0%         3d3       100%        5
 Iskenderun's Battlesphe  Conj           0%         2d6       100%        5
 Conjure Ball Lightning   Conj/Air       0%         3x3d6     100%        6
 Orb of Destruction       Conj           0%         9d5       100%        7


Dungeon Overview and Level Annotations

Branches:
Dungeon (5/15)
 Temple: D:4-7

Altars:

Annotations:
D:5 1 runed translucent door


Innate Abilities, Weirdness & Mutations

You have sharp fingernails.
You are partially covered in sharp spines.
When seriously injured, your blood forms armour. (AC +0)


Message History

You are more poisoned.
The scorpion poisons you!
You scratch the scorpion.
The scorpion is severely wounded.
You feel very sick. The scorpion barely misses you.
You are too injured to fight recklessly!
You are too injured to fight recklessly!
You feel better.
Your blood armour dries and flakes away.
The scorpion misses you.
The scorpion stings you but does no damage.
You closely miss the scorpion.
The scorpion is severely wounded.
The scorpion stings you but does no damage.
You scratch the scorpion.
The scorpion is almost dead.
The scorpion misses you.
You scratch the scorpion.
You kill the scorpion!
Your Unarmed Combat skill increases to level 4!
You have reached level 4!
You feel agile.
Your demonic ancestry asserts itself...
Sharp spines emerge from parts of your body.
You climb upwards.
There is a stone staircase leading down here.
(D) Dungeon
Where to? (Enter - D:3, ? - help) Magic restored.
You see here a ball python skeleton.
HP restored.
There is a stone staircase leading up here.
You climb upwards.
There is a stone staircase leading down here.
You feel a little less clever now.
You see here 4 stones.
There is an open door here.
There is a staircase leading out of the dungeon here.
Are you sure you want to leave the Dungeon?
This will make you lose the game!
You have escaped!

#######
########.....#
#.....##..8..#
#..@..##.....#
#..#..#####'###
#..#..##......###
#.....'(........#
########......#.#
#......#.#
###..###.#
##.....# #####.#


There were no monsters in sight!

Vanquished Creatures
  A scorpion (D:3)
  2 adders (D:2)
  2 dart slugs (D:1)
  3 ball pythons
  3 endoplasms
  2 goblins
  A hobgoblin (D:4)
  3 jackals (D:2)
  A quokka (D:3)
  3 bats
  3 frilled lizards (D:2)
  4 kobolds
  3 rats
31 creatures vanquished.

Notes
Turn   | Place    | Note
-------+----------+-------------------------------------------
     0 | D:5      | Alarkh the Demonspawn Delver began the quest for the Orb.
     0 | D:5      | Reached XP level 1. HP: 18/18 MP: 1/1
   126 | D:5      | Found a runed translucent door.
   152 | D:5      | Noticed a phantom
   152 | D:5      | Noticed a hound
   153 | D:5      | Noticed an iguana
   280 | D:3      | Noticed an orc wizard
   487 | D:1      | Gained mutation: You have sharp fingernails. [demonic
                  | ancestry]
   487 | D:1      | Reached XP level 2. HP: 22/24 MP: 2/2
  1423 | D:2      | Gained mutation: When seriously injured, your blood forms
                  | armour. (AC +0) [demonic ancestry]
  1423 | D:2      | Reached XP level 3. HP: 27/29 MP: 3/3
  1925 | D:3      | Noticed a scorpion
  1937 | D:3      | Killed a scorpion
  1938 | D:3      | Gained mutation: You are partially covered in sharp spines.
                  | [demonic ancestry]
  1938 | D:3      | Reached XP level 4. HP: 30/35 MP: 2/4
  2033 | D:$      | Got out of the dungeon alive.

Illustrated notes

Levels and vault maps discovered:
D:1:      dpeg_arrival_rooms_b, layout_loops_ring, serial_forest,
          infiniplex_forest_clump_diagonal, infiniplex_forest_lined_2,
          infiniplex_forest_lined_corner, infiniplex_forest_straight_1,
          infiniplex_forest_lined_4_way, infiniplex_forest_clump_small,
          infiniplex_forest_fountain, infiniplex_forest_lined_corner,
          infiniplex_forest_clump_tiny, grunt_decor_arrowhead
D:2:      layout_basic
D:3:      layout_rooms, mainiacjoe_overflow_concentric_impassable, serial_shops,
          nicolae_shop_waterfront
D:4:      layout_basic
D:5:      layout_rooms, lightli_church_of_beogh

Skill      XL: |  1  2  3 |
---------------+----------+-----
Unarmed Combat | 2 3 4 |  4.4
Fighting       | |  3.0
Dodging        | |  1.7
Stealth        | |  4.5

Action                     |  1- 3 |  4- 6 || total
---------------------------+-------+-------++-------
  Melee: Unarmed           |   104 |       ||   104
         Punch             |     3 |       ||     3
    Use: Scroll            |     2 |       ||     2
         Potion            |     3 |       ||     3
   Stab: Sleeping          |    10 |       ||    10
 Armour: Leather armour    |    33 |       ||    33
  Dodge: Dodged            |    48 |       ||    48
